 Dungeon Crawl Stone Soup version 0.20-a0-864-g92acfd1 (webtiles) character file.

235 Velxir the Chopper (level 6, -2/47 HPs)
             Began as a Hill Orc Fighter on Mar 13, 2017.
             Was an Initiate of Hepliaklqana.
             Slain by an ogre
             ... wielding a +0 giant club
              (14 damage)
             ... on level 4 of the Dungeon.
             The game lasted 00:10:21 (3072 turns).

Velxir the Chopper (Hill Orc Fighter)               Turns: 3072, Time: 00:10:21

Health: -2/47      AC: 10    Str: 20    XL:     6   Next: 5%
Magic:  6/6        EV:  7    Int:  8    God:    Hepliaklqana [......]
Gold:   132        SH:  9    Dex: 11    Spells: 5/5 levels left

rFire    . . .     SeeInvis .   a - +0 war axe
rCold    . . .     Gourm    .   b - +0 scale mail
rNeg     . . .     Faith    .   c - +0 shield
rPois    .         Spirit   .   (no helmet)
rElec    .         Reflect  .   p - +0 cloak (curse)
rCorr    .         Harm     .   (no gloves)
MR       .....                  n - +1 pair of boots
Stlth    ..........             (no amulet)
Regen    0.2/turn               (no ring)
MPRegen  0.1/turn               (no ring)

@: no status effects
A: reduced essence
a: Recall Ancestor, Ancestor Identity, Renounce Religion


You were on level 4 of the Dungeon.
You worshipped Hepliaklqana.
Hepliaklqana was noncommittal.
You were not hungry.

You visited 1 branch of the dungeon, and saw 4 of its levels.

You collected 132 gold pieces.

Inventory:

Hand Weapons
 a - a +0 war axe (weapon)
 o - a +2 falchion of holy wrath
Missiles
 r - 6 tomahawks (quivered)
Armour
 b - a +0 scale mail (worn)
 c - a +0 shield (worn)
 n - a +1 pair of boots (worn)
 p - a cursed +0 cloak (worn)
Jewellery
 j - an uncursed ring of magical power {unknown}
 l - a +4 amulet of reflection {unknown}
Scrolls
 g - 5 scrolls of identify {unknown}
 i - 2 scrolls of amnesia {unknown}
 k - a scroll of magic mapping {unknown}
 m - 3 scrolls of remove curse {unknown}
 t - a scroll of fear {unknown}
 u - a scroll of fog {unknown}
Potions
 e - a potion of curing {unknown}
 q - a potion of brilliance {unknown}
 s - a potion of haste {unknown}
Comestibles
 d - a chunk of flesh
 f - 2 bread rations
 h - 2 royal jellies


   Skills:
 + Level 4.5 Fighting
 + Level 5.7 Axes
 + Level 4.4 Armour
 + Level 4.1 Shields


You had 5 spell levels left.
You didn't know any spells.

Dungeon Overview and Level Annotations

Branches:
Dungeon (4/15)
 Temple: D:4-7

Altars:
Hepliaklqana
Qazlal
Ru
Sif Muna
The Shining One


Message History

You now have 132 gold pieces (gained 7).
The ogre shouts!
The ogre barely misses you.
You slash the ogre!
The ogre is moderately wounded.
The ogre barely misses you.
Your shield and scale mail prevent you from hitting the ogre.
The ogre is moderately wounded.
You block the ogre's attack.
You slash the ogre!
The ogre is severely wounded.
The ogre hits you with a giant club!!
You hit the ogre.
The ogre is almost dead.
The ogre hits you with a giant club!
* * * LOW HITPOINT WARNING * * *
You barely miss the ogre.
The ogre is almost dead.
The ogre hits you with a giant club!
You die...

##.>......## #.......<..#
#..........# #####
#..........# ....#
#..........# >...#
#..........#
....##############........##
...............###........##
#..#####.....?.O@R.........#
##.# #.......##.............
#.#####.......##..........###
#....###..######..........#
####.##...# #........(.# ##
#.....## ##........## .#
#>....# ........##
##....#.o## ..########
##.#####.#


You could see the friendly Nakurtum the ancestor and an ogre.

Vanquished Creatures
  An ogre (D:4)
  A worker ant (D:3)
  A gnoll (D:2)
  4 adders
  A worm (D:3)
  A dart slug (D:1)
  5 leopard geckos
  2 orcs (D:3)
  A ball python (D:2)
  4 bats
  10 giant cockroaches
  9 goblins
  7 hobgoblins
  8 jackals
  3 kobolds
  A quokka (D:2)
  A frilled lizard (D:1)
  9 rats
69 creatures vanquished.

Vanquished Creatures (collateral kills)
  An orc (D:4)
  A quokka (D:4)
2 creatures vanquished.

Vanquished Creatures (others)
  An ancestor (D:4)
1 creature vanquished.

Grand Total: 72 creatures vanquished

Notes
Turn   | Place    | Note
-------+----------+-------------------------------------------
     0 | D:1      | Velxir the Hill Orc Fighter began the quest for the Orb.
     0 | D:1      | Reached XP level 1. HP: 19/19 MP: 1/1
   115 | D:1      | Reached XP level 2. HP: 18/27 MP: 2/2
   258 | D:1      | Reached skill level 3 in Axes
   769 | D:2      | Reached XP level 3. HP: 32/33 MP: 3/3
  1643 | D:3      | Found a deep blue altar of Sif Muna.
  1664 | D:3      | Reached skill level 4 in Axes
  1664 | D:3      | Reached XP level 4. HP: 14/40 MP: 4/4
  2264 | D:3      | Found a stormy altar of Qazlal.
  2328 | D:3      | Found a glowing golden altar of the Shining One.
  2328 | D:3      | Found a sacrificial altar of Ru.
  2535 | D:3      | Found a hazy altar of Hepliaklqana.
  2544 | D:3      | Became a worshipper of Hepliaklqana the Forgotten
  2733 | D:4      | Noticed an ogre
  2749 | D:4      | Killed an ogre
  2749 | D:4      | Reached skill level 5 in Axes
  2749 | D:4      | Reached XP level 5. HP: 25/42 MP: 5/5
  2943 | D:4      | Noticed an ogre
  3014 | D:3      | Reached XP level 6. HP: 45/47 MP: 6/6
  3072 | D:4      | Slain by an ogre

Vault maps used:
D:1:      denvon_arrival_planthouse
D:2:      kennysheep_generic_room_8
D:3:      minmay_roachtagon, grunt_temple_overflow_open, old_standard_altar,
          grunt_qazlal_clouds
D:4:      cheibrodos_helix_gallery, zin_treasury

Skill      XL: |  1  2  3  4 |
---------------+-------------+-----
Axes           | 3 4 5 |  5.7
Fighting       | 4 |  4.5
Armour         | 4 |  4.4
Shields        | 4 |  4.1

Action                   |  1- 3 |  4- 6 || total
-------------------------+-------+-------++-------
Melee: War axe           |   160 |   101 ||   261
  Use: Potion            |       |     1 ||     1
  Eat: Chunk             |     2 |     5 ||     7
Armor: Scale mail        |    89 |    57 ||   146
Dodge: Dodged            |    54 |    40 ||    94
Block: Shield            |    81 |    54 ||   135
